 Dungeon Crawl Stone Soup version 0.18.1-50-g88ac8fd (webtiles) character file.

81 wamma the Slasher (level 4, 0/38 HPs)
             Began as a Minotaur Gladiator on Sept 22, 2016.
             Slain by Robin
             ... wielding a +0 spear
              (3 damage)
             ... on level 3 of the Dungeon.
             The game lasted 00:08:30 (1798 turns).

wamma the Slasher (Minotaur Gladiator)              Turns: 1798, Time: 00:08:31

Health: 0/38       AC:  3    Str: 20    XL:     4   Next: 20%
Magic:  3/3        EV: 19    Int: 10    God:
Gold:   76         SH:  0    Dex: 16    Spells: 0 memorised, 3 levels left

rFire  . . .     SeeInvis .     a - +0 long sword
rCold  + . .     Gourm    .     b - +0 leather armour
rNeg   . . .     Faith    .     (no shield)
rPois  .         Spirit   .     c - +0 hat
rElec  .         Dismiss  .     (no cloak)
rCorr  .         Reflect  .     (no gloves)
SustAt .         Harm     .     (no boots)
MR     .....                    (no amulet)
Stlth  ++........               (no ring)
                                e - ring of protection from cold

@: brilliant, agile, not resistant to hostile enchantments, unstealthy
A: retaliatory headbutt, horns 2
a: no special abilities


You were on level 3 of the Dungeon.
You were not hungry.

You visited 1 branch of the dungeon, and saw 3 of its levels.

You collected 76 gold pieces.

Inventory:

Hand Weapons
 a - a +0 long sword (weapon)
 p - a +1 vampiric hand axe
Missiles
 d - 3 throwing nets (quivered)
Armour
 b - a +0 leather armour (worn)
 c - a +0 hat (worn)
 h - a +0 scale mail
 j - a cursed +0 ring mail
 q - a +0 shield
Jewellery
 e - a ring of protection from cold (left hand)
Scrolls
 g - 5 scrolls of remove curse
 k - a scroll of fear {unknown}
 l - a scroll of enchant armour {unknown}
Potions
 o - 2 potions of curing {unknown}
Comestibles
 f - a bread ration


   Skills:
 + Level 3.0 Fighting
 + Level 4.4 Long Blades
 + Level 2.1 Throwing
 + Level 1.6 Armour
 + Level 4.2 Dodging


You had 3 spell levels left.
You didn't know any spells.

Dungeon Overview and Level Annotations

Branches:
Dungeon (3/15)

Altars:
Ashenzari

Annotations:
D:3 Robin


Innate Abilities, Weirdness & Mutations

You reflexively headbutt those who attack you in melee.
You have a pair of horns on your head.


Message History

The hobgoblin hits you with a club.
* * * LOW HITPOINT WARNING * * *
The goblin hits you.
* * * LOW HITPOINT WARNING * * *
Robin roars a battlecry!
The goblins go into a battle-frenzy!
Robin misses you.
It was a potion of brilliance.
You feel clever all of a sudden.
The hobgoblin no longer looks unusually strong.
The hobgoblin completely misses you. The hobgoblin misses you.
The goblin hits you.
* * * LOW HITPOINT WARNING * * *
Robin closely misses you.
It was a potion of agility.
You feel agile all of a sudden.
The hobgoblin hits you but does no damage.
The goblin misses you. You furiously retaliate!
You headbutt the goblin. The hobgoblin completely misses you.
Robin hits you from afar with a spear.
You die...

#.....# #..
#.....###.####
##............#
......####.##.#####
.....## #.......>#
.....#####........#
..................#
....#######.....gg#
....# ######@##
....# #g# ##### #g#
#)# #.# #....)...#
#.###.#..# .....#
.#. ...


You could see Robin, 2 hobgoblins and a goblin.

Vanquished Creatures
  2 adders (D:2)
  A worm (D:2)
  A dart slug (D:1)
  2 giant geckos (D:2)
  9 bats
  A giant cockroach (D:2)
  13 goblins
  5 hobgoblins
  4 jackals (D:2)
  A quokka (D:2)
  4 giant newts
  3 kobolds
  8 rats
54 creatures vanquished.

Notes
Turn   | Place    | Note
--------------------------------------------------------------
     0 | D:1      | wamma the Minotaur Gladiator began the quest for the Orb.
     0 | D:1      | Reached XP level 1. HP: 18/18 MP: 0/0
   183 | D:1      | Reached XP level 2. HP: 24/25 MP: 1/1
   758 | D:1      | Reached skill level 1 in Armour
   884 | D:2      | Found a shattered altar of Ashenzari.
   930 | D:2      | Reached XP level 3. HP: 29/30 MP: 2/2
  1398 | D:2      | Reached XP level 4. HP: 30/37 MP: 3/3
  1779 | D:3      | Noticed Robin
  1798 | D:3      | Slain by Robin

Skill      XL: |  1  2  3  4 |
---------------+-------------+-----
Long Blades    | 4 |  4.4
Armour         | 1 |  1.6
Dodging        | 4 |  4.2
Fighting       | 3 |  3.0
Throwing       | |  2.1

Action                   |  1- 3 |  4- 6 || total
-------------------------+-------+-------++-------
Melee: Long sword        |    69 |    14 ||    83
       Headbutt          |    12 |     2 ||    14
  Use: Scroll            |     4 |     2 ||     6
       Potion            |     2 |     2 ||     4
  Eat: Bread ration      |     1 |       ||     1
Armor: Leather armour    |    19 |     6 ||    25
Dodge: Dodged            |    59 |    21 ||    80
